 Dungeon Crawl Stone Soup version 0.31-a0-740-g87205ac768 (webtiles) character file.

Game seed: 4076575572545455670

331949 rjrrt the Executioner (level 20, -3/200 HPs)
             Began as a Minotaur Berserker on Sept 12, 2023.
             Was the Champion of Trog.
             Slain by Jory
             ... wielding a +1 battleaxe of flaming
              (21 damage)
             ... on level 3 of the Vaults.
             The game lasted 01:45:44 (37940 turns).

rjrrt the Executioner (Minotaur Berserker)         Turns: 37940, Time: 01:45:44

Health: -3/200     AC: 45    Str: 31    XL:     20   Next: 88%
Magic:  19/19      EV: 19    Int:  4    God:    Trog [******]
Gold:   1852       SH: 11    Dex: 15    Spells: 19/19 levels left

rFire   + . .        a - +3 broad axe (heavy)
rCold   + . .        Q - +3 warlock's mirror {omnireflect}
rNeg    + + .        X - +9 gold dragon scales
rPois   +            x - +2 hat
rElec   +            u - +0 cloak "Daucenadgh" {rN+ Dex+2 SInv}
rCorr   .            P - +2 pair of gloves {Str+3}
SInv    +            T - +0 pair of boots
Will    +....        w - amulet of regeneration Stlth
                     G - ring "Ibrom" {rElec rN+ EV+5}
HPRegen 1.33/turn    O - +4 ring of protection
MPRegen 0.16/turn

%: reflection
@: mesmerised
A: horns 2, retaliatory headbutt
}: 2/15 runes: barnacled, gossamer
a: Renounce Religion, Berserk, Trog's Hand, Brothers in Arms


You were on level 3 of the Vaults.
You worshipped Trog.
Trog was exalted by your worship.
You visited 6 branches of the dungeon, and saw 34 of its levels.
You also visited: Ossuary, Ice Cave and Volcano.

You collected 5246 gold pieces.
You spent 3394 gold pieces at shops.

Inventory:

Hand Weapons
 a - a +3 heavy broad axe (weapon)
 b - a +2 antimagic demon trident
 c - a +3 broad axe
 f - a +8 broad axe of flaming
 m - a +3 antimagic war axe
 v - a +1 vampiric war axe
Missiles
 n - 5 throwing nets
 y - 14 javelins
 z - 51 boomerangs (quivered)
Armour
 u - the +0 cloak "Daucenadgh" (worn) {rN+ Dex+2 SInv}
   (You found it on level 8 of the Dungeon)

   Dex+2:     It affects your dexterity (+2).
   rN+:       It protects you from negative energy.
   SInv:      It lets you see invisible.
 x - a +2 hat (worn)
 P - a +2 pair of gloves of strength (worn)
 Q - the +3 warlock's mirror (worn) {omnireflect}
   (You bought it in a shop on level 13 of the Dungeon)

   Omnireflect: It can block and reflect piercing ranged attacks and magical
   attacks against the wielder's willpower.
 T - a +0 pair of boots (worn)
 X - +9 gold dragon scales (worn)
Jewellery
 w - an amulet of regeneration (around neck)
 G - the ring "Ibrom" (left hand) {rElec rN+ EV+5}
   (You bought it in a shop on level 2 of the Orcish Mines)

   [ring of evasion]

   EV+5:      It affects your evasion (+5).
   rElec:     It insulates you from electricity.
   rN+:       It protects you from negative energy.
 L - a ring of resist corrosion
 O - a +4 ring of protection (right hand)
Wands
 g - a wand of iceblast (34)
 o - a wand of quicksilver (10)
 r - a wand of charming (33)
 K - a wand of polymorph (22)
 M - a wand of mindburst (6)
 W - a wand of flame (96)
Scrolls
 d - 6 scrolls of teleportation
 e - 4 scrolls of fog
 C - 3 scrolls of revelation
 E - a scroll of fear
 N - 9 scrolls of identify
 U - 2 scrolls of silence
Potions
 h - 9 potions of enlightenment
 i - 4 potions of berserk rage
 k - 3 potions of might
 l - 2 potions of cancellation
 p - 7 potions of curing
 q - 3 potions of invisibility
 s - 6 potions of attraction
 t - 3 potions of heal wounds
 A - 2 potions of resistance
 B - 5 potions of ambrosia
 D - 2 potions of haste
 H - 8 potions of mutation
 J - a potion of lignification
Miscellaneous
 j - a phantom mirror


   Skills:
 + Level 22.1 Fighting
 + Level 23.8 Axes
 - Level 6.0 Throwing
 + Level 19.7 Armour
 + Level 18.0 Dodging
 - Level 15.0 Shields
 - Level 8.0 Evocations


You had 19 spell levels left.
You didn't know any spells.
Your spell library was empty.

Dungeon Overview and Level Annotations

Branches:
Dungeon (15/15)            Temple (0/1) D:6            Lair (5/5) D:11
 Shoals (4/4) Lair:3       Spider (4/4) Lair:2        Slime (0/5) Lair:5
    Orc (2/2) D:9             Elf (0/3) Orc:2        Vaults (4/5) D:14
 Depths (0/4) D:15        Ossuary (visited)           IceCv (visited)
Volcano (visited)
  Crypt: Vaults:2-3

Altars:
Makhleb
Qazlal
Ru
Vehumet
The Shining One
Jiyva

Shops:
D:5 [   D:6 *   D:13 [   Orc:2 =[(*=   Vaults:1 *::   Vaults:3 (

Annotations:
D:15 3 runed translucent doors, Bekuax's ghost, journeyman DgVM; Jais Joink's ghost, adept FoFi; Jivasuuf's ghost, journeyman GrFi
Shoals:2 2 transporters, exclusion: orange crystal statue
Vaults:3 Jory


Innate Abilities, Weirdness & Mutations

You have a pair of horns on your head.
You reflexively headbutt those who attack you in melee.


Message History

Jory bites you but does no damage.
Unknown command.
You completely miss Jory. Jory hits you but does no damage.
Jory closely misses you.
Unknown command.
You hit Jory but do no damage.
Jory hits you with a +1 battleaxe of flaming!
Jory burns you. Jory bites you but does no damage.
Unknown command.
Your troll goes berserk!
Jory gestures at you while chanting. The crystal spear hits you!!!
* * * LOW HITPOINT WARNING * * *
Unknown command.
Unknown command.
You are too mesmerised to rage.
Unknown command.
You slice Jory!! Your headbutt misses Jory.
Jory is lightly damaged.
Your troll completely misses Jory.
Your troll barely misses Jory.
Your troll claws Jory.
You block Jory's attack.
Jory hits your troll with a +1 battleaxe of flaming!!
Jory burns your troll. Jory bites you but does no damage.
You barely miss Jory. Your headbutt misses Jory.
Jory is lightly damaged.
Your troll barely misses Jory. x2; Your troll claws Jory!
Jory hits you with a +1 battleaxe of flaming!!
* * * LOW HITPOINT WARNING * * *
Jory burns you.
* * * LOW HITPOINT WARNING * * *
Jory hits your troll with a +1 battleaxe of flaming!!
Jory burns your troll.
Your troll dies!
Your troll's corpse disappears in a puff of smoke!
Jory closely misses you.
You slash Jory! Your headbutt misses Jory.
Jory is moderately damaged.
Jory hits you with a +1 battleaxe of flaming!!
You die...
Jory screams, "Yes, yes!"

####### #####.....#
....#.....# ######
....#.....# ###....###
....#.....###...§V...#
....'.....'....#@)#....#
.>.(#.....#....'($+ ...#
....#.....#....'!$+ .#
....#.....#....#++#
....#.....###....
....#.....# ###...
....#.....# ####
....#.....# #####


You could see Jory (mesmerising, strong).

Vanquished Creatures
  Boris (Vaults:2)
  Bai Suzhen (Spider:4)
  Zenata (Vaults:1)
  A titan (Shoals:4)
  Gastronok (D:12)
  2 sphinxes
  3 azure jellies (IceCv)
  A frost giant (Vaults:1)
  7 emperor scorpions
  2 vault wardens
  A rockslime (IceCv)
  4 ghost moths
  4 war gargoyles
  2 orc warlords
  2 broodmothers
  2 quicksilver oozes (IceCv)
  15 ironbound preservers
  A stone giant (Vaults:4)
  3 formless jellyfish
  5 ironbound thunderhulks
  Nessos (D:13)
  7 dire elephants
  5 spark wasps
  An ettin (D:15)
  2 crystal guardians (Vaults:1)
  12 merfolk impalers (Shoals:4)
  2 fire dragons
  7 merfolk javelineers
  A spectral kraken (Shoals:3)
  5 entropy weavers
  5 hydras
  7 yaktaur captains
  2 ice dragons
  2 ghost crabs (Shoals:3)
  4 great orbs of eyes
  5 peacekeepers
  4 ironbound frosthearts
  3 jorogumos
  Erolcha (D:10)
  2 catoblepae
  7 centaur warriors
  Erica (D:11)
  A death knight (Vaults:3)
  A satyr (Shoals:4)
  7 two-headed ogres
  2 radroaches
  7 merfolk aquamancers
  6 merfolk avatars
  7 death scarabs (Spider:4)
  11 boulder beetles
  A two-headed ogre (shapeshifter) (D:15)
  3 death yaks (D:11)
  9 demonic crawlers
  An alligator snapping turtle (Shoals:3)
  3 tengu warriors (D:15)
  A vampire mage (Vaults:3)
  An orc high priest (Orc:2)
  Urug (D:13)
  2 sun moths
  5 skysharks
  10 pharaoh ants
  3 sea snakes
  31 deep trolls
  4 skeletal warriors
  5 wizards
  9 orb spiders
  8 steelbarb worms
  4 deep elf pyromancers
  11 orc knights
  2 orange crystal statues (IceCv)
  6 ironbound convokers
  5 necromancers
  2 spectral wolf spiders (Spider:4)
  2 spectral jorogumos (Spider:4)
  18 harpies
  A phantasmal warrior (Vaults:1)
  14 lindwurms
  4 orc sorcerers (Orc:2)
  20 manticores
  5 fauns
  12 wolf spiders
  25 ugly things
  3 salamanders (Volcano)
  9 cyclopes
  7 moths of wrath
  22 elephants
  8 vault sentinels
  3 black mambas
  6 merfolk sirens
  7 water nymphs
  11 cane toads
  9 torpor snails
  Maggie (D:6)
  Psyche (D:10)
  2 unseen horrors
  Jeremiah (D:6)
  27 yaktaurs
  A kobold demonologist (D:11)
  A spectral redback (Spider:4)
  An efreet (D:13)
  8 komodo dragons
  A spectral harpy (Shoals:3)
  A redback zombie (Spider:4)
  2 spectral merfolk (Shoals:3)
  A tengu conjurer (D:15)
  2 meliai (Spider:4)
  A tyrant leech (Lair:5)
  A troll (shapeshifter) (D:13)
  15 wind drakes
  7 trolls
  3 spectral tarantellas (Spider:4)
  A polar bear (Lair:3)
  7 hornets
  2 spectral jumping spiders (Spider:4)
  25 merfolk
  3 spectral culicivoras (Spider:4)
  A culicivora zombie (Spider:4)
  12 snapping turtles
  24 tarantellas
  A tarantella zombie (Spider:4)
  17 blink frogs
  27 dream sheep
  27 slime creatures
  26 culicivoras
  9 air elementals (Shoals:4)
  24 jumping spiders
  24 water elementals
  3 shadows
  54 yaks
  4 basilisks
  5 wraiths
  5 fire bats (Volcano)
  7 wyverns
  42 redbacks
  2 steam dragons
  Menkaure (Ossuary)
  8 two-headed ogre zombies
  3 acid dragons
  7 wargs
  A spectral snapping turtle (Shoals:3)
  6 water moccasins
  Duvessa (D:6)
  2 black bears (D:6)
  A sky beast (D:8)
  5 great orb of eyes simulacra (IceCv)
  34 orc warriors
  12 ogres
  10 wolves
  5 centaurs
  3 slime creature simulacra (IceCv)
  A phantom (D:6)
  A kobold brigand (D:6)
  A gnoll sergeant (D:12)
  3 scorpions
  13 bullfrogs
  6 glowing shapeshifter simulacra (IceCv)
  4 wights
  Dowan (D:6)
  2 troll zombies (D:9)
  2 electric eels (D:13)
  2 howler monkeys (D:14)
  3 gnoll boudas
  5 hounds
  4 jellies
  27 orc priests
  4 iguanas
  5 sleepcaps
  22 orc wizards
  3 hell rats (D:11)
  3 polar bear simulacra (Lair:5)
  2 yak simulacra (Lair:5)
  2 wolf simulacra (Lair:5)
  4 ogre zombies (D:9)
  3 mummies (Ossuary)
  35 gnolls
  5 adders
  A shadow imp (D:7)
  An ufetubus (D:6)
  2 worms (D:2)
  3 dart slugs
  89 orcs
  5 bats
  10 endoplasms
  3 giant cockroaches
  12 hobgoblins
  26 jackals
  10 quokkas
  7 ball pythons
  4 frilled lizards
  5 gnoll skeletons (Ossuary)
  4 gnoll zombies (Ossuary)
  8 goblins
  5 goblin skeletons
  4 goblin zombies
  8 hobgoblin skeletons
  5 hobgoblin zombies
  8 kobolds
  2 kobold skeletons (Ossuary)
  7 kobold zombies (Ossuary)
  8 orc skeletons
  19 orc zombies
  7 rats
  4 rat skeletons (Ossuary)
  4 rat zombies (Ossuary)
  4 river rat simulacra (Lair:5)
  2 tentacles (Shoals:3)
1468 creatures vanquished.

Vanquished Creatures (collateral kills)
  Rupert (D:12)
  An orc warlord (Orc:1)
  2 quicksilver oozes (IceCv)
  A ghost crab (Shoals:3)
  The ghost of epsilonplus the Basher, a novice FoFi of Zin (D:8)
  A demonic crawler (Spider:3)
  Sonja (Lair:5)
  An orc sorcerer (Orc:1)
  A black mamba (Lair:5)
  A torpor snail (Lair:5)
  2 komodo dragons (Volcano)
  4 meliai (Spider:4)
  2 tyrant leeches (Lair:5)
  4 slime creatures (IceCv)
  A steam dragon (Volcano)
  2 orc warriors
  2 orc priests
  2 orcs (D:8)
30 creatures vanquished.

Vanquished Creatures (others)
  A fire giant (Vaults:3)
  A merfolk aquamancer (Shoals:4)
  A wizard (Vaults:2)
  A water elemental (Shoals:3)
  An orc wizard (D:4)
  5 tentacles (Shoals:3)
10 creatures vanquished.

Grand Total: 1508 creatures vanquished

Notes
Turn   | Place    | Note
-------+----------+-------------------------------------------
     0 | D:1      | rjrrt the Minotaur Berserker began the quest for the Orb.
     0 | D:1      | Reached XP level 1. HP: 19/19 MP: 0/0
    43 | D:1      | Reached skill level 4 in Axes
    49 | D:1      | Reached XP level 2. HP: 21/26 MP: 1/1
   513 | D:1      | Reached skill level 5 in Axes
   834 | D:2      | Reached XP level 3. HP: 30/31 MP: 2/2
  1247 | D:2      | Reached ** piety under Trog
  1931 | D:3      | Reached skill level 6 in Axes
  1931 | D:3      | Reached XP level 4. HP: 38/39 MP: 3/3
  1946 | D:3      | Noticed a floating eye
  1968 | D:3      | Noticed a shining eye
  1971 | D:3      | Found a faded altar of an unknown god.
  1972 | D:3      | Noticed a golden eye
  1972 | D:3      | Noticed an eye of devastation
  2955 | D:4      | Reached XP level 5. HP: 45/45 MP: 4/4
  2964 | D:4      | Reached *** piety under Trog
  2990 | D:4      | Reached skill level 7 in Axes
  3422 | D:4      | Reached skill level 8 in Axes
  3609 | D:4      | Reached XP level 6. HP: 51/51 MP: 5/5
  3960 | D:4      | Reached skill level 9 in Axes
  4458 | D:4      | Reached XP level 7. HP: 57/57 MP: 6/6
  4746 | D:4      | Reached skill level 10 in Axes
  4832 | D:4      | Reached **** piety under Trog
  5196 | D:5      | Entered Level 5 of the Dungeon
  5284 | D:5      | Found Usueg's Armour Shop.
  5295 | D:5      | Bought a +0 buckler for 58 gold pieces
  5337 | D:5      | Reached skill level 1 in Shields
  5337 | D:5      | Reached XP level 8. HP: 39/67 MP: 7/7
  5800 | D:5      | Found a burning altar of Makhleb.
  5816 | D:5      | Found a sacrificial altar of Ru.
  6125 | D:6      | Noticed Maggie
  6130 | D:6      | Killed Maggie
  6131 | D:6      | Reached skill level 5 in Fighting
  6131 | D:6      | Reached skill level 11 in Axes
  6239 | D:6      | Noticed Jeremiah
  6267 | D:6      | Noticed Dowan
  6268 | D:6      | Noticed Duvessa
  6333 | D:6      | Reached skill level 5 in Armour
  7034 | D:6      | Killed Jeremiah
  7035 | D:6      | Reached XP level 9. HP: 54/75 MP: 8/8
  7121 | D:6      | Found a staircase to the Ecumenical Temple.
  7255 | D:6      | Reached skill level 12 in Axes
  7264 | D:6      | Reached skill level 5 in Dodging
  7347 | D:6      | Found Iggoapt's General Store.
  7547 | D:6      | Killed Duvessa
  7571 | D:6      | Killed Dowan
  7675 | D:7      | Found a radiant altar of Vehumet.
  7795 | D:7      | Reached skill level 1 in Evocations
  8343 | D:8      | Found a sand-covered staircase.
  8351 | Ossuary  | Entered an ossuary
  8410 | Ossuary  | Reached ***** piety under Trog
  8675 | Ossuary  | Noticed Menkaure
  8681 | Ossuary  | Killed Menkaure
  9003 | D:8      | Reached skill level 5 in Shields
  9012 | D:8      | Received a gift from Trog
  9210 | D:8      | Found a runed translucent gate.
  9211 | D:8      | Found a runed translucent gate.
  9211 | D:8      | Noticed epsilonplus's ghost (novice FoFi)
  9212 | D:8      | Found a runed translucent gate.
  9421 | D:8      | Reached XP level 10. HP: 76/86 MP: 9/9
  9426 | D:8      | Killed epsilonplus's ghost
  9427 | D:8      | Reached skill level 13 in Axes
  9466 | D:8      | Identified the +0 cloak "Daucenadgh" {rN+ Dex+2 SInv}
  9784 | D:9      | Found a staircase to the Orcish Mines.
 10591 | D:10     | Entered Level 10 of the Dungeon
 10596 | D:10     | Reached XP level 11. HP: 92/94 MP: 10/10
 10723 | D:10     | Reached skill level 14 in Axes
 10772 | D:10     | Noticed Psyche
 10786 | D:10     | Killed Psyche
 10893 | D:10     | Noticed Erolcha
 10903 | D:10     | Killed Erolcha
 10978 | D:10     | Received a gift from Trog
 11508 | D:11     | Noticed a sun demon
 11683 | D:11     | Noticed a boulder beetle
 11692 | D:11     | Killed a boulder beetle
 11781 | D:11     | Noticed a death yak
 11781 | D:11     | Noticed a death yak
 11805 | D:11     | Noticed a death yak
 11806 | D:11     | Killed a death yak
 11814 | D:11     | Killed a death yak
 11815 | D:11     | Killed a death yak
 11816 | D:11     | Reached skill level 15 in Axes
 11948 | D:11     | Found a staircase to the Lair.
 12010 | D:11     | Noticed Erica
 12026 | D:11     | Killed Erica
 12027 | D:11     | Reached XP level 12. HP: 105/105 MP: 11/11
 12754 | Lair:1   | Entered Level 1 of the Lair of Beasts
 12815 | Lair:1   | Noticed a catoblepas
 12826 | Lair:1   | Killed a catoblepas
 13184 | Lair:1   | Reached skill level 10 in Fighting
 14094 | Lair:2   | Found a dark tunnel.
 14107 | Volcano  | Entered a volcano
 14114 | Volcano  | Noticed a two-headed ogre
 14125 | Volcano  | Killed a two-headed ogre
 14126 | Volcano  | Reached skill level 16 in Axes
 14201 | Volcano  | Reached skill level 10 in Armour
 14294 | Volcano  | Noticed a two-headed ogre
 14312 | Volcano  | Killed a two-headed ogre
 14365 | Volcano  | Noticed a two-headed ogre
 14368 | Volcano  | Killed a two-headed ogre
 14369 | Volcano  | Noticed a two-headed ogre
 14378 | Volcano  | Killed a two-headed ogre
 14489 | Volcano  | Noticed a fire dragon
 14503 | Volcano  | Killed a fire dragon
 14607 | Volcano  | Reached XP level 13. HP: 115/115 MP: 12/12
 15041 | Lair:2   | Found a hole to the Spider Nest.
 15232 | Lair:2   | Identified a scroll of acquirement
 15232 | Lair:2   | Acquired a manual of Fighting
 15382 | Lair:3   | Reached skill level 17 in Axes
 15537 | Lair:3   | Reached skill level 10 in Shields
 15654 | Lair:3   | Found a staircase to the Shoals.
 15775 | Lair:3   | Reached skill level 10 in Dodging
 16339 | Lair:4   | Reached skill level 18 in Axes
 16724 | Lair:4   | Reached XP level 14. HP: 102/129 MP: 13/13
 16949 | Lair:5   | Entered Level 5 of the Lair of Beasts
 16949 | Lair:5   | Found a viscous altar of Jiyva.
 16949 | Lair:5   | Found a staircase to the Slime Pits.
 16952 | Lair:5   | Noticed Sonja
 16963 | Lair:5   | Killed Sonja
 17816 | Lair:5   | Found a runed translucent door.
 17971 | Lair:5   | Reached skill level 19 in Axes
 18625 | Orc:1    | Entered Level 1 of the Orcish Mines
 18718 | Orc:1    | Noticed an orc warlord
 18739 | Orc:1    | Received a gift from Trog
 18741 | Orc:1    | Killed an orc warlord
 18939 | Orc:2    | Entered Level 2 of the Orcish Mines
 19070 | Orc:2    | Found Uwuileho's Jewellery Shoppe.
 19419 | Orc:2    | Found a staircase to the Elven Halls.
 19726 | Orc:2    | Reached skill level 15 in Fighting
 19825 | Orc:2    | Noticed an orc warlord
 19826 | Orc:2    | Received a gift from Trog
 19879 | Orc:2    | Killed an orc warlord
 20103 | Orc:2    | Found Emoahiq's Antique Armour Shop.
 20138 | Orc:2    | Found Qeozomo's General Store.
 20154 | Orc:2    | Found Cihickul's Jewellery Shop.
 20169 | Orc:2    | Found Wuusaj's Antique Weapon Shop.
 20192 | Orc:2    | Bought the ring "Ibrom" {rElec rN+ EV+5} for 704 gold
                  | pieces
 20233 | Orc:2    | Bought a pitted cloak for 190 gold pieces
 20233 | Orc:2    | Identified the +0 cloak of Docorrye {-Tele +Inv rF+} (You
                  | bought it in a shop on level 2 of the Orcish Mines)
 20233 | Orc:2    | Bought a pair of embroidered gloves for 150 gold pieces
 20821 | D:12     | Reached XP level 15. HP: 141/141 MP: 14/14
 20872 | D:12     | Noticed Gastronok
 20919 | D:12     | Killed Gastronok
 21527 | D:12     | Noticed Rupert
 21541 | D:12     | Killed Rupert
 21770 | D:13     | Identified the +4 great sword "Zuseedgh" {pain, SInv}
 21953 | D:13     | Found Hikauzagau's Armour Shoppe.
 21981 | D:13     | Bought the +3 warlock's mirror {omnireflect} for 680 gold
                  | pieces
 21981 | D:13     | Found the +3 warlock's mirror {omnireflect}
 22044 | D:13     | Noticed Nessos
 22062 | D:13     | Killed Nessos
 22158 | D:13     | Reached XP level 16. HP: 152/152 MP: 15/15
 22287 | D:13     | Noticed Urug
 22291 | D:13     | Killed Urug
 22955 | D:14     | Received a gift from Trog
 22984 | D:14     | Reached skill level 20 in Axes
 23096 | D:14     | Found a frozen archway.
 23102 | IceCv    | Entered an ice cave
 23558 | IceCv    | Reached skill level 5 in Evocations
 23615 | IceCv    | Found a viscous altar of Jiyva.
 23754 | IceCv    | Identified the +0 ice dragon scales of Dim Light {rPois rF-
                  | rC++ Str+3}
 23978 | D:14     | Found a gate to the Vaults.
 24103 | D:14     | Received a gift from Trog
 24308 | D:14     | Found a glowing golden altar of the Shining One.
 24375 | D:15     | Entered Level 15 of the Dungeon
 24518 | D:15     | Found a staircase to the Depths.
 24670 | D:15     | Reached XP level 17. HP: 163/163 MP: 16/16
 24961 | D:15     | Found a runed translucent gate.
 24998 | D:15     | Found a runed translucent gate.
 24999 | D:15     | Found a runed translucent gate.
 25009 | D:15     | Noticed Jivasuuf's ghost (journeyman GrFi)
 25009 | D:15     | Noticed Bekuax's ghost (journeyman DgVM)
 25010 | D:15     | Noticed Jais Joink's ghost (adept FoFi)
 25569 | Spider:1 | Entered Level 1 of the Spider Nest
 25880 | Spider:1 | Identified the +5 chain mail of Music {rPois Int+3}
 26084 | Spider:1 | Received a gift from Trog
 26085 | Spider:1 | Reached skill level 15 in Armour
 26735 | Spider:2 | Identified the +5 rapier "Plog" {flame, *Rage rN+ Will+}
 27350 | Spider:2 | Received a gift from Trog
 27988 | Spider:3 | Reached skill level 21 in Axes
 28494 | Spider:4 | Entered Level 4 of the Spider Nest
 28548 | Spider:4 | Received a gift from Trog
 28642 | Spider:4 | Reached skill level 15 in Shields
 28771 | Spider:4 | Noticed Bai Suzhen
 28799 | Spider:4 | Killed Bai Suzhen
 28800 | Spider:4 | Reached XP level 18. HP: 34/176 MP: 17/17
 29687 | Spider:4 | Received a gift from Trog
 30133 | Spider:4 | Reached skill level 15 in Dodging
 30207 | Spider:4 | Got a gossamer rune of Zot
 30764 | D:13     | Bought +2 gold dragon scales for 1564 gold pieces
 30919 | Shoals:1 | Entered Level 1 of the Shoals
 31098 | Shoals:1 | Identified the +9 hand axe "Fetwen" {heavy, *Rage *Slow
                  | Will+++ Dex+3} (Trog gifted it to you on level 1 of the
                  | Shoals)
 31098 | Shoals:1 | Received a gift from Trog
 31099 | Shoals:1 | Reached skill level 1 in Throwing
 31638 | Shoals:2 | Reached skill level 22 in Axes
 31649 | Shoals:2 | Found a transporter.
 31672 | Shoals:2 | Found a transporter.
 32073 | Shoals:3 | Reached XP level 19. HP: 184/185 MP: 18/18
 32275 | Shoals:3 | Reached ****** piety under Trog
 32409 | Shoals:4 | Entered Level 4 of the Shoals
 32482 | Shoals:4 | Paralysed by an air elemental for 1 turns
 32669 | Shoals:4 | Paralysed by an air elemental for 1 turns
 32691 | Shoals:4 | Received a gift from Trog
 33097 | Shoals:4 | Found a stormy altar of Qazlal.
 33147 | Shoals:4 | Reached skill level 5 in Throwing
 33200 | Shoals:4 | Paralysed by an air elemental for 1 turns
 33803 | Shoals:4 | Got a barnacled rune of Zot
 34180 | Vaults:1 | Entered Level 1 of the Vaults
 34259 | Vaults:1 | Identified the amulet "Goammu" {Spirit Dex+5}
 34284 | Vaults:1 | Received a gift from Trog
 34397 | Vaults:1 | Noticed Zenata
 34407 | Vaults:1 | Killed Zenata
 34924 | Vaults:1 | Paralysed by a great orb of eyes for 3 turns
 35305 | Vaults:1 | Reached skill level 23 in Axes
 35305 | Vaults:1 | Reached XP level 20. HP: 182/198 MP: 19/19
 35395 | Vaults:1 | Received a gift from Trog
 35517 | Vaults:1 | Found Wogalotuon's Book Boutique.
 35539 | Vaults:1 | Found Nulion's Book Shop.
 35692 | Vaults:1 | Found Ferutz's General Store.
 35701 | Vaults:1 | Bought a scroll of teleportation for 48 gold pieces
 35840 | Vaults:2 | Identified the +8 hand axe "Xuawaf" {venom, Drain Fly Str+4
                  | Dex+3}
 36308 | Vaults:2 | Noticed Boris
 36318 | Vaults:2 | Killed Boris
 37299 | Vaults:3 | You fall into a shaft and drop 1 floor!
 37308 | Vaults:4 | Identified the +8 war axe of Glory {heavy, rElec} (Trog
                  | gifted it to you on level 4 of the Vaults)
 37308 | Vaults:4 | Received a gift from Trog
 37586 | Vaults:3 | Found Beuk's Weapon Boutique.
 37924 | Vaults:3 | Noticed Jory
 37940 | Vaults:3 | Slain by Jory

Illustrated notes

Levels and vault maps discovered:
D:1:      roderic_crossed_star, layout_basic
D:2:      minmay_thinvault, layout_basic
D:3:      layout_loops_ring, hellmonk_ecumenical_altar_watching_god,
          kennysheep_minor_cross
D:4:      lemuel_castle_with_subvaults [lemuel_castle_interior_carwin_2],
          layout_layer_cave
D:5:      layout_basic, mainiacjoe_overflow_swirl, serial_shops,
          nicolae_square_shop
D:6:      layout_cave_pods, minmay_temple_entry_large_hall, serial_shops, shop,
          uniq_maggie, uniq_jeremiah, uniq_duvessa
D:7:      layout_loops_ring, nicolae_vehumet_altar_sigil, nrook_mini_backslash
D:8:      layout_loops_ring, nicolae_ossuary_entry_plus,
          biasface_ghost_orc_armoury, kennysheep_decorative_pillar,
          chequers_serial_rivers_marsh
D:9:      layout_loops_ring, zombieorc2_lemuel, grunt_ogre_cave,
          minmay_starry_boxes
D:10:     layout_basic, uniq_erolcha, uniq_psyche
D:11:     layout_basic, dpeg_lair_monsters, uniq_erica
D:12:     layout_stronghold, uniq_rupert, uniq_gastronok
D:13:     lemuel_ogre_cave, layout_basic, serial_shops,
          nicolae_shop_tiny_waterfront, uniq_nessos, uniq_urug
D:14:     layout_roguey, david_vaults_1, tso_altar, portal_ice_cave_entry_dragon
D:15:     hangedman_depths_entry_civil_slaughter, layout_loops_corners,
          gammafunk_ghost_cemetery
Lair:1:   layout_layer_cave
Lair:2:   layout_loops_ring, dummy_spider_entry, enter_volcano_1, minivault_27,
          lemuel_fruit_fields
Lair:3:   layout_hall_layers, nicolae_shoals_entry_roost,
          chequers_serial_rivers_small_3, cheibrodos_lair_caveside_slide
Lair:4:   dreamdust_cave_troll, layout_big_grid
Lair:5:   wormcave, layout_layer_cave, slime_entry_1, eino_house_with_fridge,
          uniq_sonja
Shoals:1: argonaut_golden_fleece, layout_shoals, nicolae_shoals_so_close,
          uniq_josephine
Shoals:2: gammafunk_sealed_arena, layout_shoals, uniq_aizul
Shoals:3: layout_shoals, nicolae_shoals_square_sea_wall,
          nicolae_shoals_spectral_cove
Shoals:4: shoals_end_hellmonk_storm_palace [storm_palace_center_circular,
          storm_palace_corner_narrow, storm_palace_corner_altar,
          storm_palace_corner_reverse_hut, storm_palace_corner_pillars]
Spider:1: layout_chambers
Spider:2: layout_spider_delve, hangedman_spider_tarantella_strand
Spider:3: nicolae_spider_hilbert_zone_5 [nicolae_spider_hilbert_3_sides_1_open,
          nicolae_spider_hilbert_4_sides_1_open,
          nicolae_spider_hilbert_4_sides_1_open,
          nicolae_spider_hilbert_6_sides_1_open,
          nicolae_spider_hilbert_6_sides_1_open], nicolae_spider_orb_run,
          nicolae_spider_cling_halls
Spider:4: floodkiller_spider_rune_tomb, uniq_bai_suzhen
Orc:1:    layout_diamond_mine
Orc:2:    grunt_orc_cross, layout_caves, serial_shops,
          nicolae_shop_gaudy_bauble, mines5_lemuel
Vaults:1: hangedman_vaults_nodes, nicolae_vaults_network_quincunx
          [nicolae_vaults_network_quincunx_subvault,
          nicolae_vaults_network_quincunx_subvault,
          nicolae_vaults_network_quincunx_subvault,
          nicolae_vaults_network_quincunx_subvault,
          nicolae_vaults_network_quincunx_subvault], v_misc_32,
          nicolae_vaults_lightning_bolt, nicolae_vaults_closet_pinwheel_3,
          nicolae_vaults_trapezoid_lopsided_1, v_pattern_5,
          ontoclasm_vaults_idyll, vaults_dpeg_hooks,
          nicolae_vaults_double_plus_3, vaults_room_ringed_pool,
          special_room_vaults [special_room_orc], ontoclasm_vaults_shuriken,
          nicolae_vaults_house_1, hangedman_vaults_trim, v_misc_17,
          layout_vaults_omnibox, serial_shops, shop, shop, shop, uniq_zenata
Vaults:2: nicolae_vaults_closet_pinwheel_1, nicolae_vaults_oval_intersection,
          nicolae_vaults_closet_pinwheel_3, nicolae_vaults_shelves_hall,
          ontoclasm_vaults_hangar, nicolae_vaults_heart-shaped_vault, v_rooms_5,
          vaults_room_door_ring, vaults_room_semicircle, vaults_room_door_hall,
          layout_vaults_omnigrid, uniq_boris, uniq_margery
Vaults:3: minmay_crypt_entry_simple_box, nicolae_vaults_network_square,
          nicolae_vaults_sightless_eye, v_pattern_1,
          nicolae_vaults_offset_grid_hallway_3, v_misc_26,
          dpeg_vaults_monster_row, hangedman_vaults_slither,
          nicolae_vaults_diffraction_hallways, vaults_dpeg_spiral,
          vaults_room_mumra_shop_pool, layout_vaults_big_cross, uniq_jory
Vaults:4: ebering_ghost_rock_garden, v_misc_11, nicolae_vaults_little_squares_4,
          vaults_mumra_minichess_inversion, hangedman_vaults_slice, v_misc_2,
          dpeg_vaults_waves, nicolae_vaults_door_testing_chamber,
          ontoclasm_vaults_eye, nicolae_vaults_asterisk,
          layout_vaults_chaotic_city

Skill      XL: |  1  2  3  4  5  6  7  8  9 10 11 12 13 14 15 16 17 18 19 20 |
---------------+-------------------------------------------------------------+-----
Axes           | 4 5 6 8 9 10 11 12 13 15 16 18 19 20 21 22 23 | 23.8
Fighting       | 4 5 7 8 9 10 13 15 16 17 19 20 21 22 | 22.1
Armour         | 3 5 6 7 9 10 11 13 14 15 17 18 19 | 19.7
Dodging        | 3 4 5 6 8 9 10 11 12 13 14 15 16 18 | 18.0
Shields        | 1 3 5 6 8 9 10 12 13 15 | 15.0
Evocations     | 2 3 4 5 7 8 |  8.0
Throwing       | 3 6 |  6.0

Action                     |  1- 3 |  4- 6 |  7- 9 | 10-12 | 13-15 | 16-18 | 19-21 || total
---------------------------+-------+-------+-------+-------+-------+-------+-------++-------
  Melee: Hand axe          |   109 |   139 |    12 |       |       |       |       ||   260
         Headbutt          |    12 |    25 |    66 |   106 |   217 |   416 |   208 ||  1050
         War axe           |       |       |   389 |   223 |     3 |       |       ||   615
         Broad axe         |       |       |     3 |   251 |   876 |  1414 |   859 ||  3403
         Trident           |       |       |       |       |    26 |     4 |       ||    30
  Throw: Boomerang         |       |       |     2 |       |     2 |    21 |       ||    25
 Invoke: Berserk           |       |     4 |     7 |     8 |     4 |     4 |       ||    27
         Brothers in Arms  |       |       |     1 |     3 |     4 |     6 |     1 ||    15
         Trog's Hand       |       |       |       |       |     1 |       |     1 ||     2
  Evoke: Wand              |       |       |     8 |       |       |    26 |       ||    34
    Use: Scroll            |       |       |    23 |     8 |     6 |    12 |     2 ||    51
         Potion            |       |       |     2 |     1 |     2 |     5 |       ||    10
   Stab: Sleeping          |     1 |       |       |       |       |       |       ||     1
         Distracted        |       |       |       |       |     2 |     2 |       ||     4
         Invisible         |       |       |       |       |       |     8 |       ||     8
 Armour: Animal skin       |    17 |       |       |       |       |       |       ||    17
         Ring mail         |    10 |       |       |       |       |       |       ||    10
         Scale mail        |    35 |    20 |       |       |       |       |       ||    55
         Chain mail        |       |    95 |   146 |       |       |   450 |       ||   691
         Plate armour      |       |       |    98 |   309 |   571 |    49 |       ||  1027
         Crystal plate arm |       |       |       |       |       |   127 |       ||   127
         Gold dragon scale |       |       |       |       |       |   202 |   634 ||   836
  Dodge: Dodged            |    60 |    55 |   130 |   155 |   317 |   996 |   522 ||  2235
  Block: Buckler           |       |       |    54 |   127 |   134 |   737 |   518 ||  1570
         Tower shield      |       |       |       |       |   179 |       |       ||   179
         Reflection        |       |       |       |       |     3 |    45 |    64 ||   112

Table legend: (Time is in decaauts)
 A = Elapsed time spent in this place.
 B = Non-inter-level travel time spent in this place.
 C = Inter-level travel time spent in this place.
 D = Time resting spent in this place.
 E = Time spent auto-exploring this place.
 F = Levels seen in this place.
 G = Mean time per level.
                   A        B        C        D        E       F      G
               +--------+--------+--------+--------+--------+-----+--------+
         Total |  37733 |  35246 |   2487 |   2852 |  16862 |  37 | 1019.8 |
       Dungeon |  16881 |  15701 |   1180 |   1157 |   9615 |  15 | 1125.4 |
          Lair |   5388 |   4966 |    422 |     85 |   3009 |   5 | 1077.6 |
        Shoals |   3097 |   2943 |    154 |    334 |    221 |   4 |  774.2 |
   Spider Nest |   4865 |   4351 |    514 |    552 |   1884 |   4 | 1216.2 |
  Orcish Mines |   2083 |   1958 |    125 |    101 |    485 |   2 | 1041.5 |
        Vaults |   3724 |   3633 |     91 |    267 |   1486 |   4 |  931.0 |
       Ossuary |    376 |    376 |      0 |      8 |    119 |   1 |  376.0 |
      Ice Cave |    710 |    710 |      0 |    149 |      0 |   1 |  710.0 |
       Volcano |    606 |    606 |      0 |    195 |     41 |   1 |  606.0 |
               +--------+--------+--------+--------+--------+-----+--------+

Top non-repeatable levels by time:
     D:4: 2189 daAuts
   Orc:2: 1583 daAuts
     D:6: 1571 daAuts
Spider:4: 1563 daAuts
Vaults:1: 1561 daAuts
  Lair:5: 1509 daAuts
Shoals:4: 1489 daAuts
    D:11: 1449 daAuts
  Lair:1: 1389 daAuts
Vaults:2: 1373 daAuts
Spider:3: 1296 daAuts
    D:13: 1224 daAuts
Spider:1: 1165 daAuts
     D:3: 1133 daAuts
     D:9: 1132 daAuts
